 Dungeon Crawl Stone Soup version 0.26-a0-665-gefeb406119 (webtiles) character file.

Game seed: 4708015730323400570

581 Ijustatesigmund the Sneak (level 7, -3/35 HPs)
             Began as a Spriggan Wanderer on Oct 14, 2020.
             Killed from afar by a white imp (6 damage)
             ... with a puff of frost
             ... on level 5 of the Dungeon.
             The game lasted 00:15:28 (6057 turns).

Ijustatesigmund the Sneak (Spriggan Wanderer)       Turns: 6057, Time: 00:15:29

Health: -3/35      AC:  2    Str:  7    XL:     7   Next: 13%
Magic:  14/14      EV: 19    Int: 20    God:
Gold:   209        SH:  6    Dex: 18    Spells: 11/14 levels left

rFire    . . .     SeeInvis +   a - +1 short sword
rCold    . . .     Faith    .   h - +0 buckler
rNeg     . . .     Spirit   .   e - +0 robe
rPois    .         Reflect  .   (helmet restricted)
rElec    .         Harm     .   (no cloak)
rCorr    .         Rampage  .   (gloves unavailable)
MR       +....                  (boots unavailable)
Stlth    +++.......             (no amulet)
HPRegen  0.11/turn              d - +6 ring of intelligence
MPRegen  0.14/turn              (no ring)

@: very quick
A: very small, unfitting armour, see invisible, speed 3
a: no special abilities


You were on level 5 of the Dungeon.
You visited 1 branch of the dungeon, and saw 5 of its levels.

You collected 209 gold pieces.

Inventory:

Hand Weapons
 a - a +1 short sword (weapon)
Missiles
 c - 11 poisoned darts (quivered)
Armour
 e - a +0 robe (worn)
 h - a +0 buckler (worn)
Jewellery
 d - a +6 ring of intelligence (left hand)
Wands
 j - a wand of polymorph (2)
Scrolls
 b - 2 scrolls of magic mapping
 f - a scroll of blinking
 g - 3 scrolls of remove curse
Potions
 k - a potion of magic {unknown}


   Skills:
 + Level 2.9 Fighting
 + Level 3.8 Short Blades
 - Level 1.0 Throwing
 - Level 4.2 Dodging
 + Level 6.1 Stealth
 + Level 0.5 Shields
 - Level 4.0 Spellcasting
 - Level 4.4 Translocations
   Level 2.6 Transmutations


You had 11 spell levels left.
You knew the following spells:

 Your Spells              Type           Power        Failure   Level
a - Magic Dart            Conj           #...         21%         1
b - Blink                 Tloc           N/A          4%          2

Your spell library contained the following spells:

 Spells                   Type           Power        Failure   Level
 Call Imp                 Summ           #.......     30%         2
 Slow                     Hex            #.......     30%         2
 Conjure Flame            Conj/Fire      #.......     52%         3
 Mephitic Cloud           Conj/Pois/Air  #.......     52%         3


Dungeon Overview and Level Annotations

Branches:
Dungeon (5/15)
 Temple: D:4-7

Altars:
Okawaru

Annotations:
D:3 EnegeticOcto's ghost, weakling DDFi


Innate Abilities, Weirdness & Mutations

You are very small and have problems with some larger weapons.
You are too small for most types of armour.
You have supernaturally acute eyesight. (SInv)
You cover ground extremely quickly.


Message History

The white imp hits you. The white imp freezes you.
You closely miss the white imp.
The white imp is lightly wounded.
The white imp lashes its tail.
The white imp gestures at you. The puff of frost hits you.
You hit the white imp.
The white imp is moderately wounded.
The white imp gestures at you. The puff of frost misses you.
You hit the white imp.
The white imp is severely wounded.
The white imp gestures at you. The puff of frost hits you!
* * * LOW HITPOINT WARNING * * *
You barely miss the white imp.
The white imp is severely wounded.
The white imp gestures at you. The puff of frost hits you.
You die...

#.##....# ....#...
#.##.##.## ....#...
#.##.#...## ....#...
#......_........#...
##.###...#.###+##...
#.# ##.##.##.......
#.# #... ##.......
#5####.### #.......
#.@....# #####'##..
######.###......#..
#..........#..
#####......#..
#...†..+..
#......#..
#......#..
#......#..
#......#..


You could see a white imp.

Vanquished Creatures
  4 ogres (D:4)
  A bullfrog (D:4)
  A howler monkey (D:5)
  Jessica (D:2)
  2 adders
  A gnoll (D:5)
  A white imp (D:3)
  An ooze (D:2)
  2 adder skeletons (D:4)
  3 worms (D:2)
  2 leopard geckos
  2 orcs (D:4)
  4 bats
  4 giant cockroaches (D:1)
  7 goblins
  6 hobgoblins
  3 jackals (D:1)
  5 kobolds
  A quokka (D:3)
  5 frilled lizards
  A jackal skeleton (D:5)
  A leopard gecko skeleton (D:5)
  8 rats
66 creatures vanquished.

Notes
Turn   | Place    | Note
-------+----------+-------------------------------------------
     0 | D:1      | Ijustatesigmund the Spriggan Wanderer began the quest for
                  | the Orb.
     0 | D:1      | Ijustatesigmund set off with the following items: a +0
                  | dagger, a potion of lignification, 9 poisoned darts, a +0
                  | robe; and the following spell memorised: Magic Dart; and
                  | the following spells available to memorise: Blink, Call
                  | Imp, Slow, Conjure Flame, Mephitic Cloud
     0 | D:1      | Reached XP level 1. HP: 10/10 MP: 6/6
   282 | D:1      | Reached skill level 1 in Dodging
   706 | D:1      | Reached XP level 2. HP: 10/14 MP: 8/8
   841 | D:1      | Learned a level 2 spell: Blink
  1803 | D:2      | Noticed a phantom
  1983 | D:1      | Reached skill level 1 in Translocations
  1983 | D:1      | Reached XP level 3. HP: 18/18 MP: 9/9
  2797 | D:2      | Noticed Jessica
  2833 | D:2      | Killed Jessica
  2833 | D:2      | Reached skill level 4 in Stealth
  2833 | D:2      | Reached XP level 4. HP: 11/23 MP: 11/11
  3892 | D:3      | You fall into a shaft and drop 1 floor!
  3915 | D:4      | Noticed an ogre
  4020 | D:4      | Killed an ogre
  4020 | D:4      | Reached XP level 5. HP: 7/26 MP: 12/12
  4782 | D:3      | Noticed EnegeticOcto's ghost (weakling DDFi)
  4803 | D:3      | Found a runed translucent gate.
  4803 | D:3      | Found a runed translucent gate.
  4803 | D:3      | Found a runed translucent gate.
  5084 | D:4      | Noticed an ogre
  5110 | D:4      | Killed an ogre
  5110 | D:4      | Reached skill level 5 in Stealth
  5110 | D:4      | Reached XP level 6. HP: 11/31 MP: 13/13
  5591 | D:4      | Reached XP level 7. HP: 35/35 MP: 14/14
  5681 | D:5      | Entered Level 5 of the Dungeon
  5717 | D:5      | Reached skill level 6 in Stealth
  5903 | D:5      | Found an iron altar of Okawaru.
  6057 | D:5      | Killed from afar by a white imp

Illustrated notes

Levels and vault maps discovered:
D:1:      minmay_arrival_open_corners, layout_loops_ring, hex_tiny
D:2:      layout_rooms, lemuel_crystal_altar, zin_angel, tgw_trog,
          minmay_pentomino_o4, uniq_jessica
D:3:      layout_rooms, old_standard_altar, gammafunk_ghost_icy, uniq_robin
D:4:      layout_rooms, minmay_misc_feat_x
D:5:      layout_gridville, nicolae_overflow_crystal_walls,
          hangedman_decor_riveting, kennysheep_crisscross

Skill      XL: |  1  2  3  4  5  6  7 |
---------------+----------------------+-----
Dodging        | 1 2 3 4 |  4.2
Translocations | 1 2 3 4 |  4.4
Short Blades   | 2 3 |  3.8
Stealth        | 4 5 6 |  6.1
Fighting       | 2 |  2.9
Throwing       | |  1.0
Shields        | |  0.5
Spellcasting   | |  4.0
Transmutations | |  2.6

Action                   |  1- 3 |  4- 6 |  7- 9 || total
-------------------------+-------+-------+-------++-------
Melee: Dagger            |    46 |       |       ||    46
       Short sword       |   104 |   137 |    37 ||   278
Throw: Dart              |    33 |    46 |     8 ||    87
  Use: Scroll            |     5 |     2 |       ||     7
       Potion            |     4 |       |     1 ||     5
 Stab: Sleeping          |     7 |     3 |     1 ||    11
       Distracted        |     2 |       |       ||     2
Armor: Robe              |    21 |     7 |     3 ||    31
Dodge: Dodged            |   137 |   102 |    18 ||   257
Block: Buckler           |     6 |    22 |     3 ||    31

Table legend: (Time is in decaauts)
 A = Elapsed time spent in this place.
 B = Non-inter-level travel time spent in this place.
 C = Inter-level travel time spent in this place.
 D = Time resting spent in this place.
 E = Time spent auto-exploring this place.
 F = Levels seen in this place.
 G = Mean time per level.
                   A        B        C        D        E       F      G
               +--------+--------+--------+--------+--------+-----+--------+
         Total |   5332 |   5304 |     28 |   3266 |   1149 |   5 | 1066.4 |
       Dungeon |   5332 |   5304 |     28 |   3266 |   1149 |   5 | 1066.4 |
               +--------+--------+--------+--------+--------+-----+--------+

Top non-repeatable levels by time:
     D:1: 2472 daAuts
     D:4: 1110 daAuts
     D:2: 880 daAuts
     D:3: 545 daAuts
     D:5: 324 daAuts
